 Seeded DCSS version 0.29-a0-384-g6960b1960d (webtiles) character file.

Game seed: 13605594255664981076 (custom seed)

70 thiscave3701365 the Chopper (level 4, 0/41 HPs)
             Began as a Minotaur Berserker on May 6, 2022.
             Was a Follower of Trog.
             Slain by a ball python (1 damage)
             ... on level 2 of the Dungeon.
             The game lasted 00:00:56 (1453 turns).

thiscave3701365 the Chopper (Minotaur Berserker)    Turns: 1453, Time: 00:00:58

Health: 0/41       AC:  2    Str: 24    XL:     4   Next: 4%
Magic:  3/3        EV:  9    Int:  4    God:    Trog [*.....]
Gold:   86         SH:  0    Dex:  9    Spells: 3/3 levels left

rFire   . . .      SeeInvis .   a - +0 hand axe
rCold   . . .      Faith    .   (no shield)
rNeg    . . .      Spirit   .   b - +0 animal skin
rPois   .          Reflect  .   (helmet restricted)
rElec   .          Harm     .   (no cloak)
rCorr   .          Rampage  .   (no gloves)
Will    .....                   (no boots)
Stlth   +.........              (no amulet)
HPRegen 0.13/turn               (no ring)
MPRegen 0.08/turn               (no ring)

@: on berserk cooldown, slowed, constricted, very slow
A: horns 2, retaliatory headbutt
a: Renounce Religion, Berserk


You were on level 2 of the Dungeon.
You worshipped Trog.
Trog was aware of your devotion.
You visited 1 branch of the dungeon, and saw 2 of its levels.

You collected 86 gold pieces.

Inventory:

Hand Weapons
 a - a +0 hand axe (weapon)
Armour
 b - a +0 animal skin (worn)
Scrolls
 d - a scroll of immolation {unknown}
 e - a scroll of identify {unknown}
 g - a scroll of blinking {unknown}
 h - a scroll of fog {unknown}
 i - a scroll of vulnerability {unknown}
Potions
 c - a potion of brilliance {unknown}
 f - 2 potions of haste {unknown}
 j - a potion of magic {unknown}


   Skills:
 - Level 4.3 Fighting
 + Level 5.2 Axes
 - Level 2.7 Armour
 - Level 2.2 Dodging


You had 3 spell levels left.
You didn't know any spells.
Your spell library was empty.

Dungeon Overview and Level Annotations

Branches:
Dungeon (2/15)

Altars:


Innate Abilities, Weirdness & Mutations

You have a pair of horns on your head.
You reflexively headbutt those who attack you in melee.


Message History

* * * LOW HITPOINT WARNING * * *
The gnoll barely misses you.
You closely miss the gnoll. You hit the gnoll. You hit the gnoll.
The gnoll is severely wounded.
You hit the gnoll. The gnoll completely misses you.
The gnoll hits you with a +0 spear.
* * * LOW HITPOINT WARNING * * *
You hit the gnoll.
You kill the gnoll!
Trog accepts your kill.
You hit the gnoll. The gnoll barely misses you.
Your Axes skill increases to level 5!
You slash the gnoll!
You kill the gnoll!
Trog accepts your kill.
You have reached level 4!
You feel stronger.
You are no longer berserk.
You are exhausted.
You feel yourself slow down.
Things that are here:
a +0 spear; a gnoll corpse The ball python bites you but does no damage.
The ball python grabs you. The ball python constricts you.
* * * LOW HITPOINT WARNING * * *
The ball python closely misses you. The ball python constricts you.
You hit the ball python but do no damage.
The ball python bites you.
* * * LOW HITPOINT WARNING * * *
The ball python constricts you. The ball python bites you.
* * * LOW HITPOINT WARNING * * *
The ball python constricts you.
You hit the ball python but do no damage.
The ball python bites you.
* * * LOW HITPOINT WARNING * * *
The ball python constricts you.
* * * LOW HITPOINT WARNING * * *
The ball python bites you.
You die...

.. #####. #.....
#....# ####....#
..##....## ##
#.##..S..# .#
#.##..@..# .#
#.##.))..# .#
#..#####.##))...#
.#
#.>.......'.....#
.#
#######.###)....#
.#
#....#.#.......#
.#
#.##.#.#.#######
.####.##.#.#.
.'....##.#.#


You could see a ball python.

Vanquished Creatures
  4 gnolls (D:2)
  An endoplasm (D:1)
  2 giant cockroaches (D:1)
  4 goblins
  3 hobgoblins
  3 jackals (D:1)
  5 ball pythons
  2 frilled lizards
  3 kobolds (D:1)
  4 rats (D:1)
31 creatures vanquished.

Notes
Turn   | Place    | Note
-------+----------+-------------------------------------------
     0 | D:1      | thiscave3701365 the Minotaur Berserker began the quest for
                  | the Orb.
     0 | D:1      | Reached XP level 1. HP: 19/19 MP: 0/0
   410 | D:1      | Found a faded altar of an unknown god.
   590 | D:1      | Reached XP level 2. HP: 27/27 MP: 1/1
   595 | D:1      | Reached skill level 4 in Axes
  1337 | D:2      | Reached XP level 3. HP: 33/34 MP: 2/2
  1449 | D:2      | Reached skill level 5 in Axes
  1450 | D:2      | Reached XP level 4. HP: 13/41 MP: 3/3
  1453 | D:2      | HP: 2/41 [ball python (3)]
  1453 | D:2      | Slain by a ball python

Illustrated notes

Levels and vault maps discovered:
D:1:      wander_arrival_lonely_grave, layout_basic,
          ebering_ecumenical_altar_rust
D:2:      layout_basic, minmay_misc_feat_tower, grunt_decor_mini_mirrors

Skill      XL: |  1  2  3 |
---------------+----------+-----
Fighting       | 4 |  4.3
Axes           | 4 5 |  5.2
Armour         | |  2.7
Dodging        | |  2.2

Action                   |  1- 3 |  4- 6 || total
-------------------------+-------+-------++-------
Melee: Hand axe          |    67 |     2 ||    69
       Headbutt          |     6 |       ||     6
Invok: Berserk           |     3 |       ||     3
Armor: Animal skin       |     9 |     1 ||    10
Dodge: Dodged            |    46 |     1 ||    47

Table legend: (Time is in decaauts)
 A = Elapsed time spent in this place.
 B = Non-inter-level travel time spent in this place.
 C = Inter-level travel time spent in this place.
 D = Time resting spent in this place.
 E = Time spent auto-exploring this place.
 F = Levels seen in this place.
 G = Mean time per level.
                   A        B        C        D        E       F      G
               +--------+--------+--------+--------+--------+-----+--------+
         Total |   1480 |   1445 |     35 |    230 |   1048 |   2 |  740.0 |
       Dungeon |   1480 |   1445 |     35 |    230 |   1048 |   2 |  740.0 |
               +--------+--------+--------+--------+--------+-----+--------+

Top non-repeatable levels by time:
     D:1: 1128 daAuts
     D:2: 352 daAuts
